 Dungeon Crawl Stone Soup version 0.30-a0-1066-g63dfefce0d (webtiles) character file.

Game seed: 4778678470121689466

4169 jazmu the Cleaver (level 9, -4/81 HPs)
             Began as a Demigod Gladiator on Apr 12, 2023.
             Asphyxiated
             ... on level 8 of the Dungeon.
             The game lasted 00:17:20 (9930 turns).

jazmu the Cleaver (Demigod Gladiator)               Turns: 9930, Time: 00:17:21

Health: -4/81      AC: 16    Str: 27    XL:     9   Next: 80%
Magic:  11/11      EV: 12    Int: 10    God:
Gold:   216        SH:  0    Dex: 15    Spells: 8/8 levels left

rFire   + . .      SeeInvis .    y - +4 battleaxe (freeze)
rCold   . . .      Faith    .    (shield currently unavailable)
rNeg    + . .      Spirit   .    q - +1 ring mail
rPois   .          Reflect  .    h - +1 helmet
rElec   .          Rampage  .    I - +1 cloak {rF+}
rCorr   .                        w - +1 pair of gloves
Will    .....                    m - +1 pair of boots
Stlth   +                        (no amulet)
HPRegen 0.33/turn                n - ring of positive energy
MPRegen 0.12/turn                (no ring)

@: lethally poisoned (-4 -> -17), about to teleport, slowed, very slow
A: high MP 1, forlorn, divine attributes
a: no special abilities


You were on level 8 of the Dungeon.
You visited 1 branch of the dungeon, and saw 8 of its levels.
You also visited: Ossuary.

You collected 704 gold pieces.
You spent 488 gold pieces at shops.

Inventory:

Hand Weapons
 y - a +4 battleaxe of freezing (weapon)
 H - a +1 war axe of flaming
Missiles
 e - 7 javelins
 x - 4 atropa-tipped darts
 D - 5 curare-tipped darts (quivered)
Armour
 h - a +1 helmet (worn)
 m - a +1 pair of boots (worn)
 q - a +1 ring mail (worn)
 w - a +1 pair of gloves (worn)
 I - a +1 cloak of fire resistance (worn)
Jewellery
 n - a ring of positive energy (left hand)
Wands
 A - a wand of paralysis (4)
Scrolls
 b - 2 scrolls of vulnerability
 d - a scroll of acquirement {unknown}
 g - a scroll of teleportation
 r - 4 scrolls of magic mapping
 t - 3 scrolls of immolation
 E - 2 scrolls of poison {unknown}
 F - a scroll of amnesia
 G - a scroll of fog {unknown}
Potions
 a - a potion of invisibility {unknown}
 c - 3 potions of mutation {unknown}
 f - a potion of heal wounds
 i - 2 potions of lignification {unknown}
 j - 3 potions of brilliance {unknown}
 k - a potion of might {unknown}
 l - 2 potions of haste
 o - 2 potions of magic {unknown}
 p - 3 potions of curing
 s - 2 potions of berserk rage {unknown}
 u - 2 potions of flight {unknown}
 v - a potion of attraction {unknown}
 z - a potion of degeneration {unknown}
 B - a potion of cancellation {unknown}
 C - a potion of ambrosia {unknown}


   Skills:
 + Level 8.1 Fighting
 + Level 9.9 Axes
 - Level 1.7 Throwing
 - Level 5.0 Armour
 - Level 2.6 Dodging


You had 8 spell levels left.
You didn't know any spells.
Your spell library contained the following spells:

 Spells                   Type           Power      Damage    Failure   Level
 Apportation              Tloc           0%         N/A       50%         1
 Beastly Appendage        Tmut           0%         N/A       50%         1
 Slow                     Hex            0%         N/A       50%         1
 Wereblood                Tmut           0%         N/A       63%         2
 Confusing Touch          Hex            0%         N/A       86%         3
 Spider Form              Tmut/Pois      0%         N/A       86%         3
 Vampiric Draining        Necr           0%         2d6       86%         3
 Alistair's Intoxication  Tmut/Pois      0%         N/A       100%        5


Dungeon Overview and Level Annotations

Branches:
Dungeon (8/15)             Temple (0/1) D:4         Ossuary (visited)
   Lair: D:8-11

Shops:
D:4 !   D:5 :   D:6 *

Annotations:
D:4 3 runed translucent doors, Winter's ghost, amateur MiFi
D:6 2 transporters, nago's ghost, novice BaAE
D:8 Amaemon


Innate Abilities, Weirdness & Mutations

You have an increased reservoir of magic. (+10% MP)
You shall have no god before yourself.
Your divine heritage dramatically boosts your attributes as you level up.


Message History

You feel much better.
You feel sick.
The killer bee stings you but does no damage.
The killer bee stings you.
* * * LOW HITPOINT WARNING * * *
The killer bee barely misses you. The killer bee closely misses you.
An orc comes into view. It is wielding a +0 club.
The killer bee closely misses you. The killer bee completely misses you.
Okay, then.
Okay, then.
As you read the scroll labelled VEVVIU ISTRAYX, it crumbles to dust.
You feel strangely unstable.
It was a scroll of teleportation.
You feel sick.
The orc shouts!
The killer bee closely misses you. The killer bee barely misses you.
The killer bee stings you.
* * * LOW HITPOINT WARNING * * *
The killer bee stings you but does no damage.
Amaemon casts a spell.
The killer bee stings you.
* * * LOW HITPOINT WARNING * * *
You are more poisoned.
You have difficulty breathing.
* * * LOW HITPOINT WARNING * * *
You feel as though you will be slow longer.
The killer bee closely misses you. The scorpion stings you.
* * * LOW HITPOINT WARNING * * *
The orc wizard gestures wildly while chanting.
The orc wizard flickers and vanishes!
Deactivating autopickup; reactivate with Ctrl-A.
You feel better. The killer bee closely misses you. The killer bee misses you.
The killer bee completely misses you. The killer bee stings you!
* * * LOW HITPOINT WARNING * * *
The scorpion stings you but does no damage.
The scorpion closely misses you.
An orc comes into view. It is wielding a +0 club.
The killer bee stings you but does no damage.
The killer bee stings you.
* * * LOW HITPOINT WARNING * * *
You are lethally poisoned!
You have difficulty breathing.
You die...

........ c.....#.
.... .## ....## #..#
......###...#
............####
.......[......$.
..............#
...>..........#
.......@s..# .
.[....syy..# ..
.......6s{.# ####...
.......os..## ..o....
..........o.###...o..
..........†.o†...#
..........####o###
.........###...#
.....#...#...##


You could see Amaemon, 4 scorpions, 2 killer bees, an orc priest and 3 orcs.

Vanquished Creatures
  A two-headed ogre (D:6)
  An orange demon (D:8)
  Grinder (D:3)
  An ice beast (D:6)
  2 sky beasts (D:7)
  2 black bears
  A centaur (D:5)
  2 ogres
  2 phantoms
  2 kobold brigands (D:7)
  3 bullfrogs
  5 scorpions
  5 wights (D:7)
  13 killer bees
  An electric eel (D:7)
  2 howler monkeys
  2 jellies
  A hound (D:5)
  A gnoll bouda (D:7)
  3 orc priests (D:5)
  A sleepcap (D:6)
  An iguana (D:4)
  2 orc wizards
  8 mummies (Ossuary)
  8 adders
  10 gnolls
  2 ufetubi
  A worm (D:5)
  4 dart slugs
  17 orcs
  14 ball pythons
  7 endoplasms
  3 giant cockroaches
  3 goblins (D:1)
  8 hobgoblins
  4 jackals (D:1)
  16 kobolds
  4 quokkas
  3 bats
  3 frilled lizards (D:1)
  2 gnoll zombies (Ossuary)
  A hobgoblin zombie (Ossuary)
  2 kobold zombies (Ossuary)
  3 orc zombies (Ossuary)
  8 rats
186 creatures vanquished.

Vanquished Creatures (others)
  An orc wizard (D:7)
  14 fungi
  24 plants
  4 toadstools (D:5)
43 creatures vanquished.

Grand Total: 229 creatures vanquished

Notes
Turn   | Place    | Note
-------+----------+-------------------------------------------
     0 | D:1      | jazmu the Demigod Gladiator began the quest for the Orb.
     0 | D:1      | Reached XP level 1. HP: 17/17 MP: 3/3
    16 | D:1      | Noticed a polar bear
    16 | D:1      | Noticed a five-headed hydra
    16 | D:1      | Noticed an anaconda
    17 | D:1      | Noticed a lindwurm
    17 | D:1      | Noticed a hog
   145 | D:1      | Reached skill level 3 in Axes
   172 | D:1      | Reached XP level 2. HP: 17/24 MP: 4/4
   873 | D:1      | Reached XP level 3. HP: 30/30 MP: 5/5
  2241 | D:3      | Reached XP level 4. HP: 29/38 MP: 6/6
  2340 | D:2      | Reached skill level 4 in Axes
  2724 | D:3      | Noticed Grinder
  2739 | D:3      | Paralysed by Grinder for 4 turns
  2756 | D:3      | Killed Grinder
  2757 | D:3      | Reached XP level 5. HP: 22/45 MP: 7/7
  2757 | D:3      | Reached XP level 6. HP: 25/51 MP: 8/8
  2964 | D:3      | Reached skill level 5 in Axes
  3285 | D:4      | Found a sand-covered staircase.
  3293 | Ossuary  | Entered an ossuary
  4310 | D:4      | Found a staircase to the Ecumenical Temple.
  4399 | D:4      | Reached XP level 7. HP: 21/57 MP: 9/9
  4539 | D:4      | Found a runed translucent gate.
  4539 | D:4      | Found a runed translucent gate.
  4539 | D:4      | Found a runed translucent gate.
  4577 | D:4      | Noticed Winter's ghost (amateur MiFi)
  4649 | D:4      | Found Wycvaph's Distillery.
  4682 | D:4      | Bought a potion of curing for 42 gold pieces
  5337 | D:5      | Entered Level 5 of the Dungeon
  5547 | D:7      | Reached skill level 6 in Axes
  6000 | D:6      | Noticed a two-headed ogre
  6331 | D:5      | Reached skill level 5 in Armour
  6530 | D:5      | Found Uklauwka's Self-Improvement Boutique.
  6728 | D:5      | Reached XP level 8. HP: 58/66 MP: 10/10
  6772 | D:5      | Reached skill level 7 in Axes
  7352 | D:6      | Killed a two-headed ogre
  7353 | D:6      | Reached skill level 5 in Fighting
  7353 | D:6      | Reached skill level 8 in Axes
  7645 | D:6      | Reached XP level 9. HP: 72/75 MP: 11/11
  7896 | D:6      | Found Wotholic's Fire Supplies.
  7902 | D:6      | Bought a +1 war axe of flaming for 199 gold pieces
  7903 | D:6      | Bought a +1 cloak of fire resistance for 247 gold pieces
  7945 | D:6      | Found a transporter.
  7946 | D:6      | Found a transporter.
  7960 | D:6      | Noticed nago's ghost (novice BaAE)
  8712 | D:7      | Reached skill level 9 in Axes
  9892 | D:8      | Noticed an orange demon
  9913 | D:8      | Killed an orange demon
  9923 | D:8      | Noticed Amaemon
  9930 | D:8      | HP: 3/81 [killer bee (5)]
  9930 | D:8      | Asphyxiated

Illustrated notes

Levels and vault maps discovered:
D:1:      onia_arrival_zoo_common, layout_basic, ebering_ecumenical_altar_webs
D:2:      layout_basic, interstate_on_off, corexii_hall_statues_x, hex_tiny,
          kennysheep_another_room, nicolae_concentric_dashed_squares_wild,
          minivault_5, minmay_shallow_snake_nest
D:3:      layout_loops_ring, lemuel_coloured_pillars_altar, uniq_grinder
D:4:      kennysheep_six_static_rooms, layout_loops_corners,
          minmay_temple_entry_enclosed_plants, serial_shops, shop_statue,
          gammafunk_ghost_nasty_kobolds, chequers_ossuary_entry_cave
D:5:      layout_loops_ring, lemuel_tele_altar, ashenzari_altar_1,
          kennysheep_little_box, nicolae_tso_carved_into_rock,
          minmay_gold_behind_fungi, nicolae_shop_self_help
D:6:      layout_cave_pools, gammafunk_ghost_gnarly_gnolls,
          nicolae_shop_fire_sale [nicolae_sub_dead_trees]
D:7:      layout_basic, overflow_temple_1_default, serial_bayou,
          serial_bayou_shore_a, serial_bayou_crossing, serial_bayou_ford_a,
          serial_bayou_pond_e, serial_bayou_pond_d
D:8:      layout_cave_pools, mainiacjoe_overflow_brackets, kennysheep_mini,
          hangedman_misty_isle, uniq_amaemon

Skill      XL: |  1  2  3  4  5  6  7  8  9 |
---------------+----------------------------+-----
Fighting       | 2 3 4 6 8 |  8.1
Axes           | 3 4 5 6 8 9 |  9.9
Armour         | 2 3 5 |  5.0
Throwing       | |  1.7
Dodging        | |  2.6

Action                     |  1- 3 |  4- 6 |  7- 9 || total
---------------------------+-------+-------+-------++-------
  Melee: War axe           |   153 |   171 |   104 ||   428
         Punch             |       |     2 |     6 ||     8
         Flail             |       |       |    92 ||    92
         Short sword       |       |       |   132 ||   132
         Battleaxe         |       |       |    72 ||    72
  Throw: Throwing net      |       |     2 |     1 ||     3
         Dart              |       |       |     1 ||     1
    Use: Scroll            |     3 |     4 |     3 ||    10
         Potion            |       |       |    11 ||    11
   Stab: Sleeping          |     1 |       |       ||     1
         Held in net/web   |       |       |     1 ||     1
 Armour: Leather armour    |    64 |    10 |       ||    74
         Ring mail         |       |    61 |   279 ||   340
  Dodge: Dodged            |   127 |   113 |   307 ||   547

Table legend: (Time is in decaauts)
 A = Elapsed time spent in this place.
 B = Non-inter-level travel time spent in this place.
 C = Inter-level travel time spent in this place.
 D = Time resting spent in this place.
 E = Time spent auto-exploring this place.
 F = Levels seen in this place.
 G = Mean time per level.
                   A        B        C        D        E       F      G
               +--------+--------+--------+--------+--------+-----+--------+
         Total |  10118 |   9667 |    451 |   1367 |   6355 |   9 | 1124.2 |
       Dungeon |   9545 |   9094 |    451 |   1204 |   6118 |   8 | 1193.1 |
       Ossuary |    573 |    573 |      0 |    163 |    237 |   1 |  573.0 |
               +--------+--------+--------+--------+--------+-----+--------+

Top non-repeatable levels by time:
     D:7: 2201 daAuts
     D:4: 1653 daAuts
     D:5: 1551 daAuts
     D:1: 1265 daAuts
     D:2: 1028 daAuts
     D:3: 1016 daAuts
     D:6: 785 daAuts
 Ossuary: 573 daAuts
     D:8: 43 daAuts
